AoeStats
← ITA | MarknighT

Four Lakes

507920927Analyzed
1v1 RM · 13d ago on Sep 20, 2026· 23m 46s· 2 players
Game mode
Random Map
Map size
Tiny (2 player)
Population
200
Speed
Normal
Resources
Standard
Victory
Conquest
Starting age
Dark Age
Ending age
Imperial Age
RankedLock teamsTeams togetherTeam positionsShared explorationLock speedFull tech treeHidden civsTurbo modeCheats
Victory
Defeat
🇮🇹 Teutons · Italy
1984
+13
🇷🇺 Mongols · Russia
1918
-13
Morrigan
7:05 Loom
9:23 Feudal Age
9:24 Man-at-Arms
9:57 Double-Bit Axe
12:15 Fishing Lines
14:21 Fletching
23:30 Castle Age
23:03 Bloodlines
ITA | MarknighT
9:47 Feudal Age
10:17 Double-Bit Axe
14:29 Scale Barding Armor
15:31 Loom
16:13 Fletching
21:04 Castle Age
20:33 Forging
20:37 Bloodlines
20:26 Gold Mining
22:32 Chain Barding Armor
22:40 Bow Saw
22:16 Fishing Lines
23:39 Wheelbarrow
Connection lost

Rejoining the realm…

Still unreachable

The connection could not be restored.

Session expired

The server has moved on; the page needs a fresh start.